 Dungeon Crawl Stone Soup version 0.31.0-12-g77e489cdc1 (webtiles) character file.

Game seed: 17206180649602203958

649 holycorn the Cleaver (level 7, -7/61 HPs)
             Began as a Minotaur Berserker on Feb 15, 2024.
             Was a Priest of Trog.
             Splashed by a jelly's acid (9 damage)
             ... in a sewer.
             The game lasted 00:09:22 (2844 turns).

holycorn the Cleaver (Minotaur Berserker)           Turns: 2844, Time: 00:09:24

Health: -7/61      AC: -3    Str: 29    XL:     7   Next: 28%
Magic:  6/6        EV: 11    Int:  4    God:    Trog [***...]
Gold:   186        SH:  0    Dex: 10    Spells: 6/6 levels left

rFire   . . .        a - +0 hand axe
rCold   . . .        (no shield)
rNeg    . . .        c - +0 ring mail
rPois   +            (helmet restricted)
rElec   .            (no cloak)
rCorr   .            j - +0 pair of gloves
SInv    .            e - +0 pair of boots
Will    .....        p - amulet of the acrobat Stlth
                     n - +6 ring of strength
HPRegen 0.30/turn    s - ring of poison resistance
MPRegen 0.10/turn

%: acrobat
@: corroded, on berserk cooldown, slowed, studying Staves, very slow
A: horns 2, retaliatory headbutt
a: Renounce Religion, Berserk, Trog's Hand


You were in a sewer.
You worshipped Trog.
Trog was most pleased with you.
You visited 2 branches of the dungeon, and saw 5 of its levels.
You also visited: Sewer.

You collected 186 gold pieces.

Inventory:

Hand Weapons
 a - a +0 hand axe (weapon)
Armour
 b - a +0 animal skin
 c - a +0 ring mail (worn)
 e - a +0 pair of boots (worn)
 j - a +0 pair of gloves (worn)
Jewellery
 n - a +6 ring of strength (left hand)
 p - an amulet of the acrobat (around neck)
 s - a ring of poison resistance (right hand)
Scrolls
 f - 2 scrolls of teleportation {unknown}
 k - 7 scrolls of identify {unknown}
 l - a scroll of brand weapon {unknown}
 o - a scroll of poison {unknown}
 q - a scroll of torment {unknown}
Potions
 d - 2 potions of mutation {unknown}
 g - 2 potions of enlightenment {unknown}
 h - 2 potions of resistance {unknown}
 i - 3 potions of curing {unknown}
 m - a potion of attraction {unknown}
 r - 2 potions of berserk rage {unknown}
 t - 2 potions of lignification {unknown}


   Skills:
 + Level 5.1 Fighting
 * Level 8.6 Axes
 + Level 4.3 Armour
 + Level 2.8 Dodging


You had 6 spell levels left.
You didn't know any spells.
Your spell library was empty.

Dungeon Overview and Level Annotations

Branches:
Dungeon (4/15)             Temple (1/1) D:4           Sewer (1/1)

Altars:
Ashenzari
Dithmenos
Elyvilon
Fedhas
Gozag
Hepliaklqana
Kikubaaqudgha
Makhleb
Nemelex Xobeh
Okawaru
Ru
Trog
Wu Jian
Xom
Yredelemnul
Zin
The Shining One

Annotations:
D:4 1 runed translucent door


Innate Abilities, Weirdness & Mutations

You have a pair of horns on your head.
You reflexively headbutt those who attack you in melee.


Message History

You hit the endoplasm.
The giant cockroach splashes around in the water.
The endoplasm splashes around in the water.
The jelly jiggles.
The giant cockroach bites you.
You closely miss the giant cockroach. You headbutt the giant cockroach.
The giant cockroach is heavily wounded.
You hit the endoplasm but do no damage. The endoplasm freezes you.
You are frozen.
The giant cockroach splashes around in the water.
The endoplasm closely misses you.
You hit the endoplasm.
You kill the endoplasm!
Trog accepts your kill.
You hit the giant cockroach but do no damage.
The giant cockroach splashes around in the water. x2
The jelly misses you.
You hit the giant cockroach but do no damage.
The giant cockroach is heavily wounded.
You hit the jelly but do no damage.
Your hands burn!
The giant cockroach bites you. The jelly hits you.
* * * LOW HITPOINT WARNING * * *
You are splashed with acid!
* * * LOW HITPOINT WARNING * * *
You slash the giant cockroach!
You kill the giant cockroach!
Trog accepts your kill.
You slash the jelly!
Your hands burn!
* * * LOW HITPOINT WARNING * * *
The jelly closely misses you. You furiously retaliate!
You headbutt the jelly, but do no damage.
You hit the jelly but do no damage. The acid corrodes you!
Your hands burn!
* * * LOW HITPOINT WARNING * * *
Your headbutt misses the jelly.
The jelly is heavily wounded.
The jelly hits you.
* * * LOW HITPOINT WARNING * * *
The acid corrodes you!
You are splashed with acid!
You die...

##### #._!#
#!..##
#~~.~#
####~~J.#
#~....†@##
#~~~.~~.~##
#.~~####.††#
..~ ##.~# ~
####~.##
##.....~##
#∩.~....~#
#######
#~..###.~.#
#...... #~~#
##~~####
#~.~~~~


You could see a jelly.

Vanquished Creatures
  Grinder (D:3)
  A phantom (D:4)
  A scorpion (D:4)
  3 jellies
  An iguana (D:4)
  An orc wizard (D:3)
  A gnoll (D:1)
  A river rat (Sewer)
  4 adders
  A ribbon worm (D:2)
  A dart slug (D:1)
  4 orcs (D:3)
  8 bats
  20 endoplasms
  6 giant cockroaches
  3 goblins
  4 hobgoblins
  7 jackals (D:1)
  5 kobolds
  7 quokkas
  11 ball pythons
  5 frilled lizards
  A kobold zombie (D:4)
  5 rats
102 creatures vanquished.

Notes
Turn   | Place    | Note
-------+----------+-------------------------------------------
     0 | D:1      | holycorn the Minotaur Berserker began the quest for the
                  | Orb.
     0 | D:1      | Reached XP level 1. HP: 19/19 MP: 0/0
    55 | D:1      | Reached skill level 4 in Axes
    55 | D:1      | Reached XP level 2. HP: 25/27 MP: 1/1
   272 | D:1      | Reached XP level 3. HP: 33/33 MP: 2/2
   333 | D:1      | Found a faded altar of an unknown god.
   757 | D:2      | Reached ** piety under Trog
  1599 | D:3      | Reached skill level 5 in Axes
  1652 | D:3      | Reached XP level 4. HP: 35/40 MP: 3/3
  1732 | D:3      | Noticed Grinder
  1738 | D:3      | Paralysed by Grinder for 4 turns
  1747 | D:3      | Killed Grinder
  1748 | D:3      | Reached skill level 7 in Axes
  1748 | D:3      | Reached XP level 5. HP: 33/47 MP: 4/4
  1748 | D:3      | Reached XP level 6. HP: 37/53 MP: 5/5
  2215 | D:4      | Found a staircase to the Ecumenical Temple.
  2224 | Temple   | Entered the Ecumenical Temple
  2276 | D:4      | Found a runed translucent door.
  2276 | D:4      | Found a basalt altar of Yredelemnul.
  2276 | D:4      | Noticed a human
  2387 | D:4      | Reached skill level 5 in Fighting
  2549 | D:4      | Reached skill level 8 in Axes
  2549 | D:4      | Reached XP level 7. HP: 61/61 MP: 6/6
  2645 | D:4      | Found a glowing drain.
  2664 | Sewer    | Entered a sewer
  2705 | Sewer    | Reached *** piety under Trog
  2823 | Sewer    | Found a viscous altar of Jiyva.
  2844 | Sewer    | HP: 3/61 [acid (4)]
  2844 | Sewer    | Splashed by a jelly's acid

Illustrated notes

Levels and vault maps discovered:
D:1:      dpeg_arrival_boxorama, layout_rooms, ebering_ecumenical_altar_webs,
          moated_statue, grunt_decor_junction, minmay_tromino_i2
D:2:      layout_basic
D:3:      layout_basic, minmay_misc_feat_room, uniq_grinder
D:4:      layout_loops_cross, dk_yredelemnul_ordeal, temple_pool_b,
          portal_sewer_entry_f, hex_medium
Temple:   eino_temple_scatter_basement
Sewer:    sewer_hellmonk_slimy_pipes

Skill      XL: |  1  2  3  4  5  6 |
---------------+-------------------+-----
Axes           | 4 5 7 8 |  8.6
Fighting       | 4 5 |  5.1
Armour         | 3 4 |  4.3
Dodging        | |  2.8

Action                     |  1- 3 |  4- 6 |  7- 9 || total
---------------------------+-------+-------+-------++-------
  Melee: Hand axe          |    89 |    64 |    54 ||   207
         Headbutt          |    10 |    11 |     8 ||    29
 Invoke: Berserk           |       |       |     1 ||     1
 Armour: Animal skin       |     4 |       |       ||     4
         Ring mail         |    38 |    33 |    23 ||    94
  Dodge: Dodged            |    40 |    30 |    35 ||   105
